 Dungeon Crawl Stone Soup version 0.31-a0-1074-g0b22e4e0f1 (webtiles) character file.

Game seed: 12000925195403768395

28 Dirtsage the Slasher (level 2, -2/24 HPs)
             Began as a Demonspawn Monk on Nov 26, 2023.
             Slain by a gnoll
             ... wielding a +0 flail
              (7 damage)
             ... on level 2 of the Dungeon.
             The game lasted 00:01:14 (462 turns).

Dirtsage the Slasher (Demonspawn Monk)               Turns: 462, Time: 00:01:15

Health: -2/24      AC:  3    Str: 11    XL:     2   Next: 96%
Magic:  2/2        EV: 12    Int: 11    God:
Gold:   13         SH:  0    Dex: 15    Spells: 1/1 levels left

rFire   . . .        a - +0 falchion
rCold   . . .        d - orb {light}
rNeg    . . .        g - +0 leather armour
rPois   .            (no helmet)
rElec   .            (no cloak)
rCorr   .            (no gloves)
SInv    .            (no boots)
Will    .....        (no amulet)
Stlth   +            (no ring)
HPRegen 0.24/turn    (no ring)
MPRegen 0.08/turn

%: no passive effects
@: glowing
A: claws 1
a: no special abilities


You were on level 2 of the Dungeon.
You visited 1 branch of the dungeon, and saw 2 of its levels.

You collected 13 gold pieces.

Inventory:

Hand Weapons
 a - a +0 falchion (weapon)
Armour
 b - a +0 robe
 d - an orb of light (worn)
 g - a +0 leather armour (worn)
Potions
 e - a potion of attraction {unknown}
 f - 2 potions of cancellation {unknown}


   Skills:
 - Level 3.0 Fighting
 - Level 3.2 Long Blades
 - Level 2.6 Dodging
 * Level 1.6 Unarmed Combat


You had one spell level left.
You didn't know any spells.
Your spell library contained the following spells:

 Spells                   Type           Power      Damage    Failure   Level
 Ensorcelled Hibernation  Hex/Ice        0%         N/A       56%         2
 Passwall                 Tmut/Erth      0%         N/A       56%         2
 Swiftness                Air            0%         N/A       80%         3


Dungeon Overview and Level Annotations

Branches:
Dungeon (2/15)

Altars:


Innate Abilities, Weirdness & Mutations

You have sharp fingernails.


Message History

You tear a large gash into the net.
The gnoll hits you with a +0 flail!
You take 11 damage, and have 13/24 hp.
MASSIVE DAMAGE!!
You shred the net and break free! The gnoll barely misses you.
You are confused.
You feel invigorated. The gnoll closely misses you.
You regained 5 hp, and now have 19/24 hp.
The gnoll attacks as it pursues you! The gnoll closely misses you.
You see here a +0 flail.
You regained 3 hp, and now have 22/24 hp.
You hit the gnoll but do no damage. The gnoll misses you.
Health restored: 24 You closely miss the gnoll.
The gnoll hits you with a +0 flail!
You take 8 damage, and have 16/24 hp.
MASSIVE DAMAGE!!
You bump into the rock wall.
The gnoll misses you.
You regained 4 hp, and now have 20/24 hp.
You bump into the rock wall.
The gnoll hits you with a +0 flail.
You bump into the rock wall.
The gnoll hits you with a +0 flail!
Ouch! That really hurt!
You take 9 damage, and have 11/24 hp.
MASSIVE DAMAGE!!
You hit the gnoll but do no damage.
You feel less invigorated.
You feel less confused. The gnoll closely misses you.
You regained 6 hp, and now have 17/24 hp.
You hit the gnoll.
The gnoll is heavily wounded.
The gnoll hits you with a +0 flail.
You take 4 damage, and have 13/24 hp.
You slash the gnoll!
The gnoll is almost dead.
The gnoll hits you with a +0 flail.
You take 4 damage, and have 9/24 hp.
You hit the gnoll but do no damage.
The gnoll is almost dead.
The gnoll closely misses you.
You barely miss the gnoll.
The gnoll is almost dead.
The gnoll hits you with a +0 flail.
* * * LOW HITPOINT WARNING * * *
The gnoll hits you with a +0 flail!
You die...

# #.# #.# ≈≈. #. #.#
#.# #########≈. #..
#.# #.# #.......#P.
...###.# #.#
#.########.
.....#.#####
#.###.#### #.
#.#....#...##
#........# ##
....#.......##
#..#####.#
#<.........######..#
#.#
#..#........gg@....#
#.###### ...#
#.......######..#
#....... #.
#......##
##.#####.######
.....#...##
#.......# ##.#######
######### #. .


You could see 2 gnolls.

Vanquished Creatures
  A gnoll (D:2)
  2 endoplasms
  A giant cockroach (D:1)
  2 goblins (D:1)
  2 hobgoblins (D:1)
  A ball python (D:1)
  3 bats
  A frilled lizard (D:1)
  A kobold (D:1)
  5 rats (D:1)
19 creatures vanquished.

Notes
Turn   | Place    | Note
-------+----------+-------------------------------------------
     0 | D:1      | Dirtsage the Demonspawn Monk began the quest for the Orb.
     0 | D:1      | Reached XP level 1. HP: 18/18 MP: 1/1
    61 | D:1      | Found a faded altar of an unknown god.
   203 | D:1      | Gained mutation: You have sharp fingernails. [demonic
                  | ancestry]
   203 | D:1      | Reached XP level 2. HP: 24/24 MP: 2/2
   302 | D:1      | You fall into a shaft and drop 1 floor!
   339 | D:2      | Reached skill level 1 in Unarmed Combat
   462 | D:2      | Slain by a gnoll

Illustrated notes

Levels and vault maps discovered:
D:1:      roderic_crossed_star, layout_rooms, nicolae_ecumenical_lake_church
D:2:      layout_loops_ring, dreamdust_princess_bridge, grunt_decor_arrowhead,
          uniq_terence, uniq_robin, uniq_sigmund

Skill      XL: |  1  2 |
---------------+-------+-----
Long Blades    | 3 |  3.2
Unarmed Combat | 1 |  1.6
Fighting       | |  3.0
Dodging        | |  2.6

Action                     || total
---------------------------++-------
  Melee: Falchion          ||    50
    Use: Potion            ||     1
 Armour: Robe              ||    19
         Leather armour    ||     9
  Dodge: Dodged            ||    41

Table legend: (Time is in decaauts)
 A = Elapsed time spent in this place.
 B = Non-inter-level travel time spent in this place.
 C = Inter-level travel time spent in this place.
 D = Time resting spent in this place.
 E = Time spent auto-exploring this place.
 F = Levels seen in this place.
 G = Mean time per level.
                   A        B        C        D        E       F      G
               +--------+--------+--------+--------+--------+-----+--------+
         Total |    469 |    441 |     28 |      0 |    273 |   2 |  234.5 |
       Dungeon |    469 |    441 |     28 |      0 |    273 |   2 |  234.5 |
               +--------+--------+--------+--------+--------+-----+--------+

Top non-repeatable levels by time:
     D:1: 307 daAuts
     D:2: 161 daAuts
